[Event "Early-Titled-Tuesday-Blitz-February-06-2024"]
[Site "Chess.com"]
[Date "2024.02.06"]
[Round "5"]
[White "iwanyu"]
[Black "h4parah5"]
[Result "1/2-1/2"]
[WhiteElo "2793"]
[BlackElo "2929"]
[TimeControl "180+1"]
[EndTime "8:57:11 PST"]
[Termination "Game drawn by repetition"]

1. d4 Nf6 2. Nf3 e6 3. e3 c5 4.
Bd3 b6 5. O-O Bb7 6. c4 cxd4 7.
exd4 d5 8. cxd5 Nxd5 9. Nc3 Nxc3 10. bxc3 Nd7 11. Ng5 Qc7 12. Re1 Be7 13. Rxe6 Nf6 14. Bb5+ Kf8 15. Qb3 Bd5 16. Rxe7 Qxe7 17. Ba3 Bxb3 18.
axb3 Qxa3 19. Rxa3 a5 20. Bc4 Ra7 21. Ra1 h6 22.
Nf3 Ne4 23. Re1 Nxc3 24. Ne5 g5 25. Re3 b5 26. Bxf7 Na2 27. Be6 Kg7 28. Nc6 Ra6 29. d5 Nb4 30. Nxb4 axb4 31. h4 gxh4 32. Kh2 Rf8 33. f3 Ra2 34. Kh3 Rd2 35. Re4 Kf6 36.
Rxb4 Rd8 37. Rxb5 Ra8 38. Rb4 Ra1 39. Rf4+ Ke5 40. Re4+ Kd6 41. Rxh4 Rh1+ 42. Kg3 Rxh4 43. Kxh4 Rxg2 44. f4 Rb2 45. f5 Ke5 46. Kh5 Rxb3 47. Kxh6 Kf6 48. Kh7 Rg3 49. d6 Rd3 50. d7 Rd4 51.
Kg8 Ke7 52. Kg7 Rg4+ 53. Kh6 Rd4 54. Kg5 Rd1 55. Kf4 Rd2 56. Ke5 Re2+ 57. Kf4 Rd2 58. Ke5 Re2+ 59. Kd5 Rd2+ 60. Kc6 Rd1 61. Kb7 Rb1+ 62.
Ka6 Ra1+ 63. Kb6 Rb1+ 64. Kc7 Rc1+ 65. Kb6 Rb1+ 66. Kc5 Rc1+ 67. Kb4 Rb1+ 68. Kc3 Rd1 69. Kc2 Rd4 70. Kc3 Rd1 71. Kc4 Rd2 72. Kb5 Rd1 73.
Kc5 Rc1+ 74. Kd4 Rd1+ 75. Ke5 Re1+ 76. Kf4 Rf1+ 77. Kg5 Rd1 78. Kh6 Rh1+ 79. Kg7 Rg1+ 80. Kh6 Rh1+ 81. Kg5 Rg1+ 82. Kh6 Rh1+ 1/2-1/2

[Event "Early-Titled-Tuesday-Blitz-February-06-2024"]
[Site "Chess.com"]
[Date "2024.02.06"]
[Round "5"]
[White "hmatyi07"]
[Black "MdChess1734"]
[Result "1/2-1/2"]
[WhiteElo "2206"]
[BlackElo "2384"]
[TimeControl "180+1"]
[EndTime "8:57:24 PST"]
[Termination "Game drawn by repetition"]

1. e4 c6 2. d4 d5 3. Nc3 dxe4 4. Nxe4 Nf6 5. Nxf6+ exf6 6. Bd3 Bd6 7. Qh5 f5 8. Ne2 O-O 9. Bd2 g6 10. Qh6 Qf6 11.
O-O-O Na6 12. Bxa6 bxa6 13. Qg5 Qg7 14. Qh4 Re8 15. Bh6 Qh8 16. Nc3 Be6 17. Rhe1 Rab8 18. h3 Be7 19. Bg5 Bxg5+ 20. Qxg5 Red8 21. Qf4 Rb4 22.
Qc7 Rdxd4 23. Qxc6 Qf6 24. Qxa6 Rdc4 25. Rd3 Qg5+ 26.
Kb1 Qxg2 27. Rxe6 Rxc3 28. Re8+ Kg7 29. a3 Qf1+ 30. Ka2 Rxc2 31. Rg8+ Kxg8 32. Rd8+ Kg7 33. Qxf1 Rbxb2+ 34. Ka1 Ra2+ 35. Kb1 Rcb2+ 36. Kc1 Rc2+ 37.
Kd1 Ra1+ 38. Kxc2 Rxf1 39. Rd7 Rxf2+ 40. Kb3 Rf3+ 41. Kb4 Rxh3 42. Rxa7 Rh1 43. Rd7 Rb1+ 44. Kc3 h5 45. a4 Rb8 46. Rd2 h4 47. a5 g5 48. Ra2 h3 49. Kd4 g4 50. Ke5 Kg6 51. Kf4 Rb4+ 52. Kg3 Kg5 53. a6 f4+ 54. Kh2 g3+ 55.
Kxh3 Rb8 56. a7 Ra8 57. Ra5+ f5 58. Ra4 Rh8+ 59. Kg2 Ra8 60. Ra5 Kg4 61. Ra4 Rxa7 62. Rxa7 f3+ 63. Kg1 Kf4 64. Rb7 Ke3 65. Rb3+ Ke2 66.
Rb2+ Ke3 67. Rb3+ Kf4 68. Rb4+ Kg5 69. Rb3 Kg4 70. Rb8 Kf4 71. Rb4+ Kg5 72. Rb8 Kf4 73.
Rb4+ 1/2-1/2

[Event "Early-Titled-Tuesday-Blitz-February-06-2024"]
[Site "Chess.com"]
[Date "2024.02.06"]
[Round "5"]
[White "Harsha_Bharathakoti"]
[Black "Paladin61"]
[Result "1-0"]
[WhiteElo "2929"]
[BlackElo "2676"]
[TimeControl "180+1"]
[EndTime "8:57:25 PST"]
[Termination "Harsha_Bharathakoti won on time"]

1. Nf3 d5 2. e3 Nf6 3. c4 e6 4. Nc3 Be7 5. b3 dxc4 6. bxc4 c5 7. Bb2 Nc6 8. d3 O-O 9. Be2 b6 10. O-O Bb7 11. a3 Rc8 12. Qc2 Qc7 13. Nb5 Qb8 14.
Rab1 Rfd8 15. Rfd1 h6 16. Bf1 Kf8 17. Qe2 Kg8 18.
g3 Qa8 19. Bg2 Qb8 20. Ne1 Rd7 21. g4 Na5 22. f4 Rcd8 23. h4 Nh7 24. g5 hxg5 25.
hxg5 Nf8 26. Bc3 Bxg2 27. Nxg2 Nc6 28. Ba1 Ng6 29. Nc3 Qa8 30. Ne4 Na5 31. Nf2 Qc6 32.
Bc3 Qa4 33. Qa2 Bf8 34. Rd2 Nb7 35. Qb2 Qc6 36. Qc2 Qf3 37. Qd1 Qg3 38. Kf1 Nd6 39.
Qg4 Qh2 40. Ke2 Nf5 41. Qf3 Ng3+ 42. Kd1 Nf5 43. Kc2 Rd6 44. Re1 R6d7 45. Ng4 Qg3 46. Qxg3 Nxg3 47. Ne5 Nxe5 48. Bxe5 Bd6 49. Bc3 Kf8 50.
Nh4 Bc7 51. Nf3 Nf5 52. Ne5 Bxe5 53. Bxe5 Ke7 54. a4 f6 55. gxf6+ gxf6 56. Bc3 Rg8 57. a5 Rg3 58. Rde2 Rd8 59. Bd2 Rdg8 60. Rb1 Rb8 61.
axb6 axb6 62. Ra1 Rb7 63. Rh2 Rg7 64. Ra8 Kd7 65. Rhh8 Rf7 66. Rad8+ Kc6 67. Rc8+ Rbc7 68. Rce8 Kd6 69. Rb8 Kc6 70. Rhe8 Rfe7 71. Rf8 Rf7 72.
Rg8 Nd6 73. Bc3 Rfd7 74. e4 Rf7 75. Rgf8 Nb7 76. Bxf6 Rh7 77. Rfc8 Rxc8 78. Rxc8+ Kd7 79. Rb8 Kc7 80. Be5+ Kc6 81. Rc8+ Kd7 82. Rc7+ Kd8 83. Rxh7 1-0

[Event "Early-Titled-Tuesday-Blitz-February-06-2024"]
[Site "Chess.com"]
[Date "2024.02.06"]
[Round "5"]
[White "Jospem"]
[Black "Genghis_K"]
[Result "1/2-1/2"]
[WhiteElo "3053"]
[BlackElo "2907"]
[TimeControl "180+1"]
[EndTime "8:57:27 PST"]
[Termination "Game drawn by 50-move rule"]

1. e4 c5 2. Nf3 d6 3. c3 Nf6 4. h3 Nc6 5. Bd3 g5 6. Bc2 g4 7. hxg4 Bxg4 8. d3 d5 9. Qe2 dxe4 10.
dxe4 Qc7 11. Be3 e6 12. Nbd2 O-O-O 13. O-O-O h5 14. Kb1 Be7 15. Bg5 Rhg8 16. Qe3 Bxf3 17. gxf3 Nd5 18. exd5 Bxg5 19. Qe2 exd5 20. Rxh5 Kb8 21.
Nb3 b6 22. Qb5 Qb7 23. f4 a6 24. Qf1 Bxf4 25. Rhxd5 Rxd5 26. Rxd5 Nb4 27. Rf5 Bh2 28.
cxb4 Rg1 29. Qxg1 Bxg1 30. bxc5 bxc5 31. Nxc5 Qe7 32. a3 Bxf2 33. Nxa6+ Ka7 34. Nb4 Qe1+ 35. Ka2 Qe6+ 36. Rd5 Bc5 37. Bb3 Bxb4 38. axb4 Qe4 39. Rd7+ Kb6 40. Rxf7 Qxb4 41. Rf6+ Kc7 42. Rf5 Qe4 43.
Rc5+ Kb6 44. Rc3 Qa8+ 45. Kb1 Qh1+ 46. Ka2 Qa8+ 47. Kb1 Qh1+ 48. Rc1 Qe4+ 49. Bc2 Qf4 50. Rd1 Qe3 51. Rd3 Qe1+ 52. Ka2 Qa5+ 53. Ra3 Qd5+ 54. Bb3 Qe5 55. Bc4 Qd4 56. Ra4 Qd1 57. Ra3 Qd4 58. Bb3 Qd2 59. Ra8 Kb7 60. Ra4 Qe1 61. Bd5+ Kc7 62. Bc4 Qd2 63. Ra3 Qe1 64. Rc3 Kb6 65. Bd3 Qe6+ 66. Ka3 Qe7+ 67. Kb3 Qe6+ 68. Kc2 Qe5 69.
Rb3+ Kc7 70. Rb4 Qh2+ 71. Kb3 Qd2 72. Rc4+ Kb6 73. Rc3 Qd1+ 74. Ka3 Qa1+ 75. Kb3 Qd1+ 76. Ka2 Qa4+ 77. Ra3 Qd1 78. Bc4 Qd2 79. Rc3 Qd4 80.
Kb3 Qd1+ 81. Ka2 Qd2 82. Bb3 Qe1 83. Bc2 Qe6+ 84. Bb3 Qe1 85. Rc4 Qa5+ 86. Ra4 Qe1 87. Ra3 Qd2 88. Bg8 Qe1 89. Bc4 Qc1 90. Bd5 Qd1 1/2-1/2

[Event "Early-Titled-Tuesday-Blitz-February-06-2024"]
[Site "Chess.com"]
[Date "2024.02.06"]
[Round "5"]
[White "goodwilll"]
[Black "angelgab3"]
[Result "1/2-1/2"]
[WhiteElo "2506"]
[BlackElo "2747"]
[TimeControl "180+1"]
[EndTime "8:57:30 PST"]
[Termination "Game drawn by stalemate"]

1. e4 e5 2. Nf3 Nc6 3. Bb5 a6 4. Ba4 Nf6 5. O-O Nxe4 6. d4 Be7 7. dxe5 Nc5 8. Bb3 Nxb3 9. axb3 O-O 10. Bf4 f6 11. Bg3 fxe5 12. Nxe5 Nxe5 13. Bxe5 d6 14. Bd4 Qe8 15. Nc3 Qg6 16. Nd5 Bd8 17. Ne3 Bd7 18.
Bc3 Bc6 19. Qg4 Qxg4 20. Nxg4 Be4 21. Ne3 Bg5 22. Rac1 Rf7 23. Rfe1 Raf8 24. f3 Bc6 25.
Bd2 h5 26. Nc4 Bh4 27. Re2 Bf6 28. Bc3 Bg5 29. Bd2 Bd8 30. Rce1 Kh7 31. Bc3 b6 32.
Bd4 Bh4 33. Bf2 Bf6 34. c3 Bb5 35. Rd2 a5 36. Rd5 Bxc4 37. bxc4 g6 38. Re4 Ra8 39. Bd4 Be7 40. Bf2 a4 41. h4 Bf8 42. Re6 Bh6 43. Be3 Bg7 44. Bd4 Bh6 45. Be3 a3 46. bxa3 Bxe3+ 47. Rxe3 Rxa3 48. Rg5 Ra5 49. Kf2 Rxg5 50. hxg5 Kg7 51. Re6 Rf5 52. Re7+ Kf8 53. Rxc7 Rxg5 54.
g3 Rc5 55. Rd7 Rc6 56. Ke3 Ke8 57. Rb7 Rxc4 58. Kd3 Rc6 59. f4 Kf8 60. c4 Kg8 61. Kd4 Kh8 62. Kd5 Rc5+ 63. Kd4 Rc6 64. Kd5 Rc5+ 65.
Kd4 g5 66. fxg5 Rxg5 67. Rxb6 Rxg3 68. Rxd6 h4 69. Rh6+ Kg7 70. Rxh4 Kf7 71. Re4 Rg1 72. c5 Rd1+ 73. Ke5 Ke7 74. c6 Kd8 75. Rd4+ Rxd4 76. Kxd4 Kc7 77. Kc5 Kc8 78. Kd6 Kd8 79. Kd5 Kc7 80. Kc5 Kc8 81. Kb6 Kb8 82. c7+ Kc8 83. Kc6 1/2-1/2

[Event "Early-Titled-Tuesday-Blitz-February-06-2024"]
[Site "Chess.com"]
[Date "2024.02.06"]
[Round "5"]
[White "Felix-Rose"]
[Black "Sajith_Peiris"]
[Result "1/2-1/2"]
[WhiteElo "2403"]
[BlackElo "2253"]
[TimeControl "180+1"]
[EndTime "8:57:34 PST"]
[Termination "Game drawn - insufficient material"]

1. e4 c6 2. d4 d5 3. e5 a6 4. Nd2 c5 5. dxc5 Nc6 6. a3 Nxe5 7. b4 Nf6 8. Bb2 Nc6 9. Bd3 e5 10. c4 Be6 11. cxd5 Bxd5 12. Ngf3 Be7 13. O-O Qc7 14. Re1 Nd7 15. Bf5 f6 16. Ne4 Bxe4 17.
Rxe4 O-O-O 18. Re2 Kb8 19. Qe1 g6 20. Be4 Rhe8 21. a4 Bf8 22. b5 Nd4 23. Nxd4 exd4 24. c6 Nc5 25. cxb7 d3 26. Bxd3 Nxd3 27. Rxe8 Nxe1 28.
Raxe1 Bb4 29. Rxd8+ Qxd8 30. Rc1 Qd2 31. bxa6 Ka7 32.
h3 Qxb2 33. Rc8 Qb1+ 34. Kh2 Bd6+ 35. g3 Kxa6 36. Rc6+ Kxb7 37. Rxd6 Qa2 38. Rxf6 Qxa4 39. Rf7+ Kc6 40. Rxh7 Qe4 41. Rf7 Kd6 42. Rf4 Qe5 43.
h4 Ke6 44. Rg4 Kf6 45. Rf4+ Kg7 46. Kg2 Qe6 47. Kh2 Qd5 48. Kh3 Kh6 49. Kh2 Qd2 50.
Rf3 Qe2 51. Rf4 Qf1 52. Rf3 Qe1 53. Rf4 Qe2 54. Kg2 g5 55. hxg5+ Kxg5 56. Kh2 Qd2 57. Kg2 Qe2 58. Kh2 Qe6 59. Kg2 Qc6+ 60. Kh2 Qd5 61. Rh4 Qd2 62. Rf4 Qe2 63. Kg2 Qe6 64. Kh2 Qd5 65.
Rh4 Qe5 66. Rf4 Qxf4 67. gxf4+ Kxf4 68. Kg2 Kg4 69. Kg1 Kf4 70. Kg2 Kg4 71. f3+ Kf4 72.
Kf2 Kf5 73. Ke3 Ke5 74. Kd3 Kf5 75. Kd4 Kf4 76. Kd5 Kxf3 1/2-1/2

[Event "Early-Titled-Tuesday-Blitz-February-06-2024"]
[Site "Chess.com"]
[Date "2024.02.06"]
[Round "5"]
[White "ukchessbomber"]
[Black "Bkmzzzzz"]
[Result "1-0"]
[WhiteElo "2658"]
[BlackElo "2393"]
[TimeControl "180+1"]
[EndTime "8:57:35 PST"]
[Termination "ukchessbomber won by checkmate"]

1. c4 e5 2. g3 d6 3. Bg2 f5 4.
Nc3 Nf6 5. d3 g6 6. Nf3 Bg7 7.
O-O O-O 8. Rb1 c6 9. Qc2 a6 10.
b4 h6 11. a4 Be6 12. c5 Nd5 13. Bd2 Re8 14. e4 Nf6 15. cxd6 Qxd6 16. d4 Nxe4 17. dxe5 Bxe5 18. Nxe4 fxe4 19. Qxe4 Bd5 20. Qh4 Bxf3 21. Bxf3 Qxd2 22. Rbd1 Qg5 23. Qc4+ Kg7 24. Rfe1 Rf8 25.
Bg2 Qf6 26. f4 Bc7 27. Re6 Qf7 28. Be4 Bb6+ 29. Kg2 Kh8 30. Qc3+ Qg7 31. Qxg7+ Kxg7 32. Rxg6+ Kf7 33. Rxh6 Ke7 34. Rh7+ Rf7 35. Rh8 a5 36. b5 Bc7 37. Bg6 Rg7 38. Bf5 cxb5 39. Rc8 Kf6 40.
g4 bxa4 41. Kf3 a3 42. Re1 Ra6 43. h4 Rc6 44. Ra1 Bd6 45. Re8 Re7 46. Rg8 Kf7 47. Rh8 Kg7 48. Rh7+ Kf8 49. Rh8+ Kf7 50. Rh7+ Ke8 51.
Rh8+ Kf7 52. Rh7+ Kf8 53. Rh8+ Kg7 54. Rh7+ Kg8 55. Rh6 Na6 56. Rg6+ Kf7 57. h5 Rc3+ 58. Kf2 Bb4 59. h6 Re8 60. Rg7+ Kf6 61. Rg6+ Ke7 62.
Re1+ Kd8 63. Rxe8+ Kxe8 64. h7 Rh3 65. Rg8+ Kf7 66. Bg6+ Kf6 67. g5+ Ke6 68. Re8+ Kd6 69. Bf5 Rxh7 70. Bxh7 a2 71. Rd8+ Kc5 72. Rd1 Bc3 73. f5 a1=Q 74. Rxa1 Bxa1 75. f6 Nc7 76. Bf5 Ne8 77. f7 Nd6 78. f8=Q Bd4+ 79. Kf3 a4 80.
g6 a3 81. Be6 a2 82. Bxa2 b5 83.
g7 Bxg7 84. Qxg7 Kb4 85. Qd4+ Nc4 86. Bxc4 bxc4 87. Ke4 Kb3 88. Qd1+ Kb2 89. Kd4 c3 90.
Qe2+ c2 91. Kd3 Ka1 92. Kxc2 Ka2 93. Qa6# 1-0

[Event "Early-Titled-Tuesday-Blitz-February-06-2024"]
[Site "Chess.com"]
[Date "2024.02.06"]
[Round "5"]
[White "Viktor_Poddubnyi"]
[Black "Dinamo3"]
[Result "1/2-1/2"]
[WhiteElo "2271"]
[BlackElo "2520"]
[TimeControl "180+1"]
[EndTime "8:57:42 PST"]
[Termination "Game drawn by repetition"]

1. e4 c5 2. Nf3 Nc6 3. d4 cxd4 4.
Nxd4 g6 5. c4 Nf6 6. Nc3 Nxd4 7.
Qxd4 d6 8. Bg5 Bg7 9. Be2 O-O 10. Qd2 a5 11. O-O a4 12. Rad1 Qa5 13. Bxf6 Bxf6 14. Nd5 Qxd2 15. Nxf6+ Kg7 16. Nh5+ gxh5 17. Rxd2 Be6 18.
f4 Rfc8 19. b3 axb3 20. axb3 Ra3 21. f5 Bd7 22. f6+ exf6 23. Rxd6 Be6 24. Rb6 Rc7 25.
Bxh5 Rd7 26. Rc1 Ra2 27. Bf3 Rb2 28. b4 Rd4 29. Rxb7 Bxc4 30. Rb6 Be6 31. b5 Rdb4 32.
Re1 Rxb5 33. Rxb5 Rxb5 34. h3 Kg6 35. Kh2 Kg5 36. Kg3 Rb3 37. h4+ Kg6 38. Kf4 h5 39.
Rc1 Rb2 40. Rc5 Bg4 41. Bxg4 hxg4 42. g3 Re2 43. Rc4 Re1 44. Kxg4 Re2 45. Kf4 Re1 46. Rd4 Rf1+ 47. Kg4 Rg1 48. Rd5 Re1 49. Kf3 Rf1+ 50. Kg2 Re1 51. Kh3 Rxe4 52. Rc5 Rd4 53. Rb5 Rd3 54. Rc5 f5 55. Kg2 f6 56. Rb5 Rc3 57. Rd5 Rc2+ 58. Kh3 Ra2 59. Rc5 Ra3 60. Kg2 Rb3 61.
Kf2 Rd3 62. Rb5 Rd2+ 63. Kf3 Ra2 64. Rc5 Ra3+ 65. Kg2 Rd3 66. Rb5 Rd4 67. Rc5 Rg4 68. Rb5 Ra4 69. Kf3 Ra3+ 70. Kg2 Ra2+ 71. Kh3 Rf2 72. Rc5 Kf7 73. h5 Kg7 74. Rc4 Kh6 75. Rh4 Ra2 76. Rf4 Kg5 77. h6 Ra8 78. Rh4 Rh8 79. h7 Kg6 80. Kg2 Rxh7 81. Rxh7 Kxh7 82. Kf3 Kh6 83. Kf4 Kg6 84. g4 fxg4 85. Kxg4 Kf7 86. Kf4 Ke7 87. Ke4 Ke6 88. Kf4 f5 89. Kf3 Ke5 90. Ke3 f4+ 91. Kf3 Kf5 92. Kf2 Ke4 93. Ke2 f3+ 94. Kf1 Kf4 95. Kf2 Kg4 96. Kf1 Kg3 97.
Kg1 Kh3 98. Kf2 Kg4 99. Kf1 Kf4 100. Kf2 Ke4 101. Kf1 Ke3 102. Ke1 Kd3 103. Kf2 Ke4 104. Kf1 1/2-1/2

[Event "Early-Titled-Tuesday-Blitz-February-06-2024"]
[Site "Chess.com"]
[Date "2024.02.06"]
[Round "5"]
[White "Yan_Dyomin2010"]
[Black "CADMartin"]
[Result "1/2-1/2"]
[WhiteElo "2587"]
[BlackElo "2440"]
[TimeControl "180+1"]
[EndTime "8:57:49 PST"]
[Termination "Game drawn by repetition"]

1. e4 c5 2. Nf3 d6 3. d4 cxd4 4. Qxd4 Nc6 5. Bb5 Bd7 6. Bxc6 Bxc6 7. Nc3 Nf6 8. Bg5 e6 9. O-O-O Be7 10. Rhe1 Qa5 11.
Kb1 h6 12. Bh4 O-O 13. Qd2 Rfd8 14. Nd4 Be8 15. Nd5 Qxd2 16. Nxe7+ Kf8 17. Ng6+ fxg6 18.
Rxd2 Ke7 19. f3 e5 20. Ne2 g5 21. Bf2 Bf7 22. g4 a6 23. h4 gxh4 24. Bxh4 b5 25. Ng3 g5 26. Nf5+ Ke6 27. Bf2 d5 28. exd5+ Nxd5 29. Rde2 Nf4 30. Rxe5+ Kf6 31. Bd4 Kg6 32. c3 Nd3 33. Re6+ Bxe6 34. Rxe6+ Kf7 35. Rxh6 Nf4 36.
Rf6+ Ke8 37. Nd6+ Kd7 38. Ne4 Ne6 39. Be3 Rf8 40. Rf5 Rxf5 41. gxf5 Ng7 42. f6 Ne6 43. Kc2 Rg8 44. Kd3 g4 45. fxg4 Rxg4 46. b3 Rg2 47. c4 Rxa2 48. cxb5 axb5 49. Nc3 Ra3 50. Kc2 b4 51. Nd5 Ra2+ 52. Kd3 Rb2 53.
Kc4 Rc2+ 54. Kxb4 Kd6 55. Nc3 Ke5 56. f7 Kf6 57. Kc4 Kxf7 58. b4 Ke7 59. b5 Kd7 60. b6 Kc6 61. Kb3 Rg2 62. Kc4 Rg4+ 63. Kd3 Rg3 64.
Ne2 Rh3 65. Nc3 Nc5+ 66. Ke2 Rh2+ 67. Kd1 Nb3 68. Ke1 Na1 69. Ne2 Nc2+ 70. Kd2 Nxe3 71. Kxe3 Kxb6 72. Nf4 Kc6 73. Kf3 Rh4 74. Ng2 Ra4 75.
Ne3 Kd6 76. Nc2 Ke5 77. Ne3 Ra3 78. Ke2 Ke4 79. Nc2 Ra2 80. Kd2 Ra6 81. Kc3 Rc6+ 82.
Kd2 Rh6 83. Kc3 Rh3+ 84. Kc4 Rh2 85. Nb4 Rh1 86. Kc5 Rc1+ 87. Kb5 Kd4 88. Nc6+ Kd5 89.
Nb4+ Kd6 90. Na6 Ra1 91. Nb4 Rb1 92. Kc4 Rc1+ 93. Kb5 Rc8 94. Na6 Ra8 95. Kb6 Rc8 96. Kb5 Rc1 97. Nb4 Ke5 98. Nc6+ Kd5 99. Nb4+ Kd6 100. Na6 Rb1+ 101. Nb4 Ke5 102. Kc4 Rc1+ 103. Kb5 Kd4 104. Nc6+ Kd3 105. Nb4+ Kd4 1/2-1/2

[Event "Early-Titled-Tuesday-Blitz-February-06-2024"]
[Site "Chess.com"]
[Date "2024.02.06"]
[Round "5"]
[White "Al_Shima"]
[Black "GothamChess"]
[Result "1/2-1/2"]
[WhiteElo "2338"]
[BlackElo "2684"]
[TimeControl "180+1"]
[EndTime "8:57:52 PST"]
[Termination "Game drawn - insufficient material"]

1. d4 g6 2. Nc3 Bg7 3. e4 a6 4. Be3 b5 5. Qd2 Bb7 6. Bd3 e6 7. a3 d6 8. Nf3 Nd7 9. h4 h6 10. O-O-O Rc8 11. Ne2 c5 12. c3 Ngf6 13. Ng3 Ng4 14.
Kb1 Qb6 15. h5 g5 16. d5 Nxe3 17. Qxe3 c4 18. dxe6 fxe6 19. Qxb6 Nxb6 20. Bc2 Ke7 21. Rhe1 Rhf8 22. Rd2 Rcd8 23. Red1 Rf7 24. Nh2 d5 25.
Ng4 Rdf8 26. Re1 Kd6 27. exd5 Bxd5 28. Ne4+ Kc6 29. f3 Nd7 30. Red1 Ne5 31. Nxe5+ Bxe5 32. Nf2 Bf4 33. Re2 a5 34. Ng4 Rh8 35. Be4 Kc5 36. Nf2 b4 37. axb4+ axb4 38. cxb4+ Kc6 39. Ng4 Rb7 40.
Bxd5+ exd5 41. Re6+ Kd7 42. Rg6 Rxb4 43. Rxd5+ Kc7 44.
Rg7+ Kc6 45. Rf5 Rhb8 46. Rf6+ Kb5 47. Rf5+ Kc6 48. Rg6+ Bd6 49. Ne5+ Kd5 50. Nd3+ Kd4 51. Nxb4 Bxb4 52. Rg7 Bc3 53. Rd7+ Ke3 54. Re7+ Kf2 55. Kc2 Bxb2 56. Rc5 Kxg2 57. Rxc4 Kxf3 58. Re6 g4 59. Rxh6 g3 60. Rg6 Be5 61. Rc5 Rb2+ 62. Kd3 Rb3+ 63. Kc4 Re3 64. Kd5 g2 65. Kc6 Bf4 66. h6 Bxh6 67. Rh5 Bf4 68. Rf5 Rc3+ 69. Kd5 Rd3+ 70. Kc4 Rd1 71. Rxf4+ Kxf4 72. Rxg2 Ke3 73. Rg3+ Ke4 74. Rg8 Rc1+ 75. Kb3 Rc7 76. Re8+ Kd4 77. Rd8+ Kc5 78. Rd3 Rb7+ 79. Kc2 Kc4 80. Rc3+ Kd4 81.
Rd3+ Ke4 82. Rc3 Ra7 83. Rc4+ Kd5 84. Rc3 Kd4 85. Rc8 Rd7 86. Kb3 Rb7+ 87. Kc2 Rb6 88.
Rd8+ Kc4 89. Rc8+ Kd5 90. Rd8+ Kc5 91. Rc8+ Kb4 92. Kd3 Rh6 93. Ke4 Rh4+ 94. Kf5 Rh7 95. Kg6 Rb7 96. Kg5 Rb5+ 97. Kg6 Rc5 98. Rxc5 Kxc5 1/2-1/2

[Event "Early-Titled-Tuesday-Blitz-February-06-2024"]
[Site "Chess.com"]
[Date "2024.02.06"]
[Round "5"]
[White "traviscottofficial"]
[Black "Yerlan-Ra"]
[Result "1-0"]
[WhiteElo "2694"]
[BlackElo "2479"]
[TimeControl "180+1"]
[EndTime "8:58:21 PST"]
[Termination "traviscottofficial won on time"]

1. d4 Nf6 2. c4 g6 3. Nc3 Bg7 4. e4 d6 5. f3 O-O 6. Be3 e5 7. d5 c6 8. Bd3 b5 9. b3 b4 10. Na4 cxd5 11. cxd5 Ba6 12. Ne2 Qa5 13. O-O Nbd7 14.
Nb2 Rac8 15. Nc4 Bxc4 16. Bxc4 Nc5 17. Qd2 Nfd7 18. a3 Rb8 19. Rfb1 f5 20. axb4 Qxb4 21.
Qxb4 Rxb4 22. Rxa7 fxe4 23. fxe4 Rf7 24. Nc3 Nb6 25.
Rxf7 Kxf7 26. Bxc5 dxc5 27. Na2 Rxc4 28. bxc4 Nxc4 29. Rb7+ Kf6 30. Nc3 Bh6 31. Kf1 Bd2 32. Nb5 Bb4 33. Ke2 h5 34. Nc7 Nd6 35. Rb6 Ke7 36. Na6 Nxe4 37. Rxg6 Nc3+ 38. Kd3 Nxd5 39. Ke4 Nf4 40. Rg5 Bc3 41. Nxc5 Kf6 42. Rf5+ Kg6 43. Nd7 Nxg2 44. Nf8+ Kh6 45. Ne6 Nh4 46. Rf6+ Kh7 47. Kd5 Ng6 48. Ng5+ Kh6 49. Ne4 Bb2 50. Ke6 Kg7 51.
Rf7+ Kg8 52. Kf6 Nf4 53. Rg7+ Kf8 54. Rb7 Ke8 55. Rxb2 Nd5+ 56. Ke6 Nf4+ 57. Kxe5 Nd3+ 58. Kd4 Nxb2 59. Nc5 Nd1 60. Nd3 Ke7 61. Nf4 Kf6 62.
Kd3 Kg5 63. Ne6+ Kg4 64. Ke2 Nc3+ 65. Kf2 Ne4+ 66. Kg2 h4 67. Nd4 h3+ 68. Kg1 Kf4 69.
Ne2+ Kf3 70. Nd4+ Ke3 71. Nf5+ Kf3 72. Ng7 Nd2 73. Ne6 Nc4 74. Ng5+ Kg4 75. Ne4 Ne3 76. Nf2+ Kh4 77. Nh1 Ng2 78. Kf2 Nf4 79. Kf3 Nh5 80.
Nf2 Nf6 81. Kf4 Nd5+ 82. Ke4 Nc3+ 83. Kd3 Nd5 84. Ke2 Nf4+ 85. Kf3 Nh5 86. Ne4 Ng7 87.
Nc5 Nf5 88. Kf4 Nd4 89. Nd3 Ne2+ 90. Kf5 Nd4+ 91. Ke4 Ne2 92. Ne5 Kg5 93. Nf3+ Kg4 94. Nd2 Ng1 95. Ke3 1-0

[Event "Early-Titled-Tuesday-Blitz-February-06-2024"]
[Site "Chess.com"]
[Date "2024.02.06"]
[Round "5"]
[White "Abund"]
[Black "edgarhay012"]
[Result "1-0"]
[WhiteElo "2757"]
[BlackElo "2519"]
[TimeControl "180+1"]
[EndTime "8:58:55 PST"]
[Termination "Abund won by checkmate"]

1. e4 c5 2. Nf3 e6 3. g3 Nc6 4. Bg2 Nf6 5. Qe2 e5 6. O-O d6 7.
Na3 Bg4 8. c3 Qd7 9. Re1 Be7 10.
Nc4 h5 11. Ne3 Be6 12. Ng5 h4 13. Nxe6 Qxe6 14. Nf5 Nh5 15. Qxh5 Rxh5 16. Nxg7+ Kd7 17. Nxe6 fxe6 18. d3 Rf8 19. Rf1 Bg5 20. g4 Bxc1 21.
gxh5 Bf4 22. Kh1 Nd8 23. Rg1 Nf7 24. Bf3 Ng5 25. Be2 Ke7 26. Rg4 h3 27. Rag1 Kf6 28. Rh4 Rh8 29. Bg4 Rh6 30. Rf1 c4 31. dxc4 Nxe4 32.
Rxh3 Kg5 33. Be2 Kf6 34. Rd3 b6 35. b3 Ke7 36. Kg2 d5 37. cxd5 exd5 38. Rxd5 Nxc3 39.
Bc4 Nxd5 40. Bxd5 Rxh5 41. h3 Kf6 42. Bf3 Rh7 43. Rd1 Rg7+ 44. Kf1 Rc7 45. Rd6+ Kg5 46. Be4 Rc1+ 47. Kg2 Re1 48. Rg6+ Kh5 49. Bf5 e4 50. Rg4 Bh6 51. Rxe4 Rxe4 52. Bxe4 Kg5 53. Kg3 Bg7 54. f4+ Kh5 55. Bf3+ Kg6 56. Kg4 Bh6 57. Be4+ Kf6 58. Bc6 a5 59. Bd7 Bf8 60. Kf3 Bh6 61. h4 Bf8 62. h5 Bh6 63. Bg4 Bf8 64. Ke4 Bh6 65. Bf3 Bf8 66. Be2 Bh6 67. Bb5 Bf8 68. Be8 Bh6 69.
f5 Bc1 70. Bg6 Bh6 71. Kd5 Bc1 72. Kc6 Be3 73. h6 Bxh6 74. Kxb6 Bd2 75. Kb5 Be1 76.
a3 Bd2 77. b4 axb4 78. axb4 Be3 79. Kc6 Bf4 80. b5 Ke7 81. b6 Kd8 82. f6 Bh6 83. b7 Bf4 84. Bf5 Be5 85. f7 Ke7 86. Be6 Bf4 87.
Bc4 Bg3 88. Kb6 Bb8 89. Ka6 Kf8 90. Bd5 Ke7 91. Kb5 Kf8 92. Kc6 Ke7 93. Bc4 Bg3 94.
Kc5 Bh2 95. Bb3 Bb8 96. Ba2 Bh2 97. Kb6 Bb8 98. Kc6 Bf4 99. Be6 Bb8 100. Kd5 Bh2 101. Ke4 Bb8 102. Kf5 Bc7 103. Kg6 Kf8 104. Bc4 Bb8 105. Kf6 Bc7 106. Ke6 Bg3 107. Kd7 Bh2 108. Kc8 Bf4 109. b8=Q Bxb8 110. Kxb8 Ke7 111. Kc7 Kf8 112. Kd8 Kg7 113.
Ba2 Kh7 114. f8=Q Kg6 115. Qf7+ Kh6 116. Qg8 Kh5 117. Be6 Kh4 118. Qg4# 1-0

[Event "Early-Titled-Tuesday-Blitz-February-06-2024"]
[Site "Chess.com"]
[Date "2024.02.06"]
[Round "5"]
[White "alexrustemov"]
[Black "zverr1"]
[Result "1/2-1/2"]
[WhiteElo "2755"]
[BlackElo "2571"]
[TimeControl "180+1"]
[EndTime "8:59:22 PST"]
[Termination "Game drawn by agreement"]

1. d4 Nf6 2. c4 g6 3. Nf3 Bg7 4. g3 O-O 5. Bg2 c6 6. O-O d5 7.
Nbd2 Bf5 8. Nb3 Nbd7 9. cxd5 cxd5 10. Bf4 Be4 11. Qd2 Qb6 12. Rfc1 Rfc8 13. Qa5 e6 14. Qxb6 axb6 15. a3 Rc6 16. Rxc6 bxc6 17. Rc1 Rc8 18. Nbd2 c5 19. dxc5 bxc5 20. Nxe4 Nxe4 21. Rc2 c4 22. Nd2 f5 23. f3 Nxd2 24. Bxd2 Rb8 25. Bc1 Nc5 26. e4 fxe4 27. fxe4 Nxe4 28. Bxe4 dxe4 29. Rxc4 Bxb2 30. Bxb2 Rxb2 31. Rxe4 Ra2 32. Ra4 Kf7 33. Ra8 h5 34. a4 e5 35. a5 e4 36.
h3 e3 37. Kf1 Kf6 38. a6 Kg7 39.
Ke1 Kh7 40. Ra7+ Kg8 41. Kd1 Kf8 42. Ke1 e2 43. Kf2 Kg8 44. Re7 e1=Q+ 45. Kxe1 Rxa6 46.
Kf2 Ra3 47. Re3 Ra6 48. Kf3 Kf7 49. Kf4 Kf6 50. Rb3 Ra4+ 51. Kf3 Ra6 52. Rb4 Rc6 53. Kf4 Re6 54. Rb5 Rc6 55. Rd5 Rc4+ 56. Kf3 Rc6 57.
h4 Rc3+ 58. Kf4 Rc4+ 59. Ke3 Rc3+ 60. Kf2 Rc2+ 61. Kf3 Rc3+ 62. Kg2 Rc2+ 63. Kh3 Ke6 64. Ra5 Kf6 65. Ra6+ Kf5 66. Ra5+ Kf6 67. Ra4 Rd2 68. Rf4+ Ke6 69. g4 Rd3+ 70. Kg2 hxg4 71. Rxg4 Kf5 72. Rg5+ Kf6 73. Ra5 Rd4 74. Kg3 Rd3+ 75.
Kf2 Rd4 76. Ra6+ Kf5 77. Ra5+ Kf6 78. Kg3 Rd3+ 79. Kg4 Rd4+ 80. Kh3 Rd3+ 81. Kg2 Rd4 82. Ra6+ Kf5 83. Kg3 Rd3+ 84. Kg2 Rd5 85. Ra4 Rb5 86. Ra3 Kg4 87. Ra4+ Kh5 88. Kg3 Rb3+ 89. Kg2 Re3 90. Rb4 Rd3 91. Kh2 Rc3 92. Ra4 Rb3 93. Rc4 Ra3 94.
Rd4 Ra2+ 95. Kg3 Ra3+ 96. Kg2 Ra2+ 97. Kh3 Ra1 98. Rd5+ Kh6 99. Re5 Rg1 100. Re4 Ra1 101. Kg4 Rg1+ 102. Kf3 Kh5 103. Kf2 Rg4 104. Re8 Rxh4 105. Rh8+ Kg4 106. Ra8 Rh2+ 107. Kg1 Rb2 108. Ra3 g5 109. Kf1 Kf4 110. Kg1 g4 111. Kf1 Kg5 112. Kg1 Kh4 113. Rc3 Rd2 114. Rb3 Rd1+ 115. Kg2 Rd2+ 116. Kg1 Rd5 117. Kg2 Rf5 118. Kg1 Rc5 119. Kg2 Ra5 120. Kg1 Ra4 121. Kg2 Kg5 122. Kg1 Kf4 123. Kg2 Ra2+ 124. Kg1 Re2 125. Kf1 Rh2 126. Kg1 Rc2 127. Kf1 Rc1+ 128. Kg2 Rd1 129. Rb4+ Kg5 130. Rb5+ Kh4 131. Rb3 g3 132. Rb4+ Kg5 133. Kxg3 Kf6 134. Kf4 1/2-1/2